 Dungeon Crawl Stone Soup version 0.27.1 (webtiles) character file.

Game seed: 16646751233914901570

7 Backf1st the Ruffian (level 2, -8/24 HPs)
             Began as a Ghoul Gladiator on Aug 21, 2021.
             Mangled by a gnoll (9 damage)
             ... on level 1 of the Dungeon.
             The game lasted 00:08:57 (778 turns).

Backf1st the Ruffian (Ghoul Gladiator)               Turns: 778, Time: 00:08:58

Health: -8/24      AC:  4    Str: 17    XL:     2   Next: 4%
Magic:  1/1        EV: 12    Int:  3    God:
Gold:   46         SH:  0    Dex: 10    Spells: 1/1 levels left

rFire    . . .     SeeInvis .     - Unarmed
rCold    + . .     Faith    .   (no shield)
rNeg     + + +     Spirit   .   a - +0 leather armour
rPois    ∞         Reflect  .   b - +0 helmet
rElec    .         Harm     .   (no cloak)
rCorr    .         Rampage  .   (no gloves)
Will     .....                  (no boots)
Stlth    +.........             (no amulet)
HPRegen  0.00/turn              (no ring)
MPRegen  0.07/turn              (no ring)

@: inhibited regen
A: claws 1, cold resistance 1, negative energy resistance 3, inhibited
regeneration, torment resistance 2
a: no special abilities


You were on level 1 of the Dungeon.
You visited 1 branch of the dungeon, and saw 2 of its levels.

You collected 46 gold pieces.

Inventory:

Hand Weapons
 c - a +0 club
 d - a +0 dagger {What}
 f - a +0 short sword
Missiles
 e - 9 stones (quivered)
Armour
 a - a +0 leather armour (worn)
 b - a +0 helmet (worn)


   Skills:
 + Level 2.2 Fighting
 + Level 1.8 Throwing
 + Level 3.0 Dodging
 + Level 3.5 Unarmed Combat


You had one spell level left.
You didn't know any spells.
Your spell library was empty.

Dungeon Overview and Level Annotations

Branches:
Dungeon (2/15)

Altars:


Innate Abilities, Weirdness & Mutations

You thrive by killing the living.
You are immune to poison.
You have sharp fingernails.
Your flesh is cold resistant. (rC+)
You are immune to negative energy. (rN+++)
You do not regenerate when monsters are visible.
You are immune to unholy pain and torment.


Message History

The gnoll hits you from afar with a +0 spear. x2
* * * LOW HITPOINT WARNING * * *
The gnoll hits you with a +0 whip.
* * * LOW HITPOINT WARNING * * *
The gnoll closely misses you.
The kobold throws a stone.
The stone completely misses you.
The gnoll hits you from afar with a +0 spear.
* * * LOW HITPOINT WARNING * * *
You climb upwards.
There is a stone staircase leading down here.
Throw: 2 throwing nets
Press: ? - help, Q - select action, (/) - cycle Shift-Dir - straight line, f - gnoll
Aim: a gnoll, wielding a +0 whip (moderately wounded, 60% to hit)
You throw a throwing net. The throwing net hits the gnoll.
The gnoll is caught in the net!
The gnoll is moderately wounded.
The gnoll struggles against the net.
The gnoll struggles against the net.
The gnoll struggles against the net.
The gnoll struggles against the net.
The gnoll struggles against the net.
The net rips apart, and the gnoll comes free!
Throw: throwing net
Press: ? - help, Q - select action, (/) - cycle Shift-Dir - straight line, f/p - gnoll
Aim: a gnoll, wielding a +0 whip (moderately wounded, 60% to hit)
You throw a throwing net.
The throwing net barely misses the gnoll.
Throw: 11 stones
Press: ? - help, Q - select action Shift-Dir - straight line, f/p - gnoll
Aim: a gnoll, wielding a +0 whip (moderately wounded, 60% to hit)
You throw a stone. The stone closely misses the gnoll.
Throw: 10 stones
Press: ? - help, Q - select action Shift-Dir - straight line, f/p - gnoll
Aim: a gnoll, wielding a +0 whip (moderately wounded, 60% to hit)
You throw a stone. The stone barely misses the gnoll.
The gnoll barely misses you.
You closely miss the gnoll.
The gnoll is moderately wounded.
The gnoll hits you with a +0 whip!
You die...

##...##
########.###(###
#.......## ##..###
#.......# #.....
#..####.## ##....#
#..##....###....##
###..##.#.#...##.##
#.....#.#.#.####.#
#..@......#.# #.#
#..g........# ##'##
#.....#########...##
#.....########......
###........##.......
#.#...##.#........
#........'........
#..(..##.#........
#.##.###.##.......


You could see a gnoll.

Vanquished Creatures
  3 endoplasms (D:1)
  A goblin (D:1)
  2 kobolds (D:1)
6 creatures vanquished.

Notes
Turn   | Place    | Note
-------+----------+-------------------------------------------
     0 | D:1      | Backf1st the Ghoul Gladiator began the quest for the Orb.
     0 | D:1      | Reached XP level 1. HP: 17/17 MP: 0/0
   313 | D:1      | Reached XP level 2. HP: 24/24 MP: 1/1
   753 | D:2      | HP: 1/24 [gnoll (2)]
   778 | D:1      | Mangled by a gnoll

Illustrated notes

Levels and vault maps discovered:
D:1:      giann_horns, layout_loops_corners, st_stairs_11
D:2:      layout_basic, serial_shops, nicolae_shop_statue_plus, uniq_robin,
          uniq_jessica

Skill      XL: |  1  2 |
---------------+-------+-----
Dodging        | 3 |  3.0
Fighting       | |  2.2
Throwing       | |  1.8
Unarmed Combat | |  3.5

Action                   || total
-------------------------++-------
Melee: Unarmed           ||    12
Throw: Throwing net      ||     7
       Stone             ||     4
  Use: Potion            ||     1
Armor: Leather armour    ||     3
Dodge: Dodged            ||     7
